 Dungeon Crawl Stone Soup version 0.24.0-125-gc4c63601f3 (webtiles) character file.

Game seed: 14672276933447723132, levelgen mode: deterministic

88 straycat the Ducker (level 4, 0/30 HPs)
             Began as a Vampire Gladiator on Mar 11, 2020.
             Was an Initiate of Hepliaklqana.
             Slain by a gnoll
             ... wielding a +0 whip
              (8 damage)
             ... on level 2 of the Dungeon.
             The game lasted 00:09:03 (1323 turns).

straycat the Ducker (Vampire Gladiator)             Turns: 1323, Time: 00:09:03

Health: 0/30       AC: 11    Str: 14    XL:     4   Next: 30%
Magic:  4/4        EV: 14    Int: 10    God:    Hepliaklqana [......]
Gold:   100        SH:  0    Dex: 15    Spells: 3/3 levels left

rFire    . . .     SeeInvis +   n - +0 dagger (protect)
rCold    . . .     Gourm    .   (no shield)
rNeg     . . .     Faith    .   a - +0 leather armour
rPois    .         Spirit   .   b - +0 helmet
rElec    .         Reflect  .   (no cloak)
rCorr    .         Harm     +   (no gloves)
MR       .....                  (no boots)
Stlth    ++........             i - amulet of harm
HPRegen  0.30/turn              (no ring)
MPRegen  0.09/turn              (no ring)

@: protection aura, regenerating quickly
A: no food, reduced essence, fangs 3, see invisible, unbreathing
a: Exsanguinate, Recall Ancestor, Ancestor Identity, Renounce Religion


You were on level 2 of the Dungeon.
You worshipped Hepliaklqana.
Hepliaklqana was noncommittal.
You were alive.

You visited 1 branch of the dungeon, and saw 2 of its levels.

You collected 100 gold pieces.

Inventory:

Hand Weapons
 n - a +0 dagger of protection (weapon)
 p - a +0 dagger of venom
Missiles
 c - 3 throwing nets
 j - 18 arrows
 l - 6 boomerangs (quivered)
Armour
 a - a +0 leather armour (worn)
 b - a +0 helmet (worn)
Jewellery
 i - an amulet of harm (around neck)
Scrolls
 d - a scroll of teleportation {unknown}
 e - 2 scrolls of enchant weapon {unknown}
 g - 2 scrolls of fear {unknown}
 h - a scroll of magic mapping {unknown}
 k - a scroll of immolation {unknown}
 m - a scroll of random uselessness {unknown}
 o - a scroll of fog {unknown}
Potions
 f - a potion of brilliance {unknown}


   Skills:
 + Level 2.7 Fighting
 - Level 1.5 Throwing
 * Level 4.9 Dodging
 + Level 1.1 Stealth
 - Level 3.2 Unarmed Combat


You had 3 spell levels left.
You didn't know any spells.
Your spell library was empty.

Dungeon Overview and Level Annotations

Branches:
Dungeon (2/15)

Altars:
Gozag
Hepliaklqana
Makhleb
Qazlal
Zin


Innate Abilities, Weirdness & Mutations

You do not eat.
Your natural rate of healing is unusually fast.
You have razor-sharp teeth.
You have supernaturally acute eyesight. (SInv)
You can survive without breathing.
Your life essence is reduced to manifest your ancestor. (-10% HP)


Message History

Seras hits the gnoll but does no damage.
You barely miss the gnoll. Your punch misses the gnoll.
You bite the gnoll, but do no damage.
The gnoll is almost dead.
The gnoll hits you with a +0 whip.
* * * LOW HITPOINT WARNING * * *
The gnoll misses you.
Seras hits the gnoll.
Okay, then.
Okay, then.
Okay, then.
Unknown command.
You barely miss the gnoll. Your bite misses the gnoll.
The gnoll is almost dead.
The gnoll closely misses you. The gnoll barely misses you.
Seras hits the gnoll.
You completely miss the gnoll.
The gnoll is almost dead.
The gnoll hits Seras but does no damage.
The gnoll hits you with a +0 whip!
You die...

#.# #.. #.# ## ## #.# ..
.# #.. # #. .## #.. #.##.
..# .. ### #....##.# ##..
.##gR@###.#.### #.
......g##g#.......##.###
.......g...###.##......#
.......#.............#.#
..####.#.......#####.#.##
. #.#......(>.......##
#g#......(##..<#)...
#.#.......##.#....##
#.......##.##.####


You could see the friendly Seras the ancestor and 3 gnolls.

Vanquished Creatures
  A gnoll (D:2)
  3 adders (D:2)
  4 dart slugs (D:1)
  A leopard gecko (D:2)
  5 giant cockroaches
  7 goblins
  5 hobgoblins
  2 jackals (D:1)
  6 bats
  4 kobolds
  2 rats (D:1)
40 creatures vanquished.

Notes
Turn   | Place    | Note
-------+----------+-------------------------------------------
     0 | D:1      | straycat the Vampire Gladiator began the quest for the Orb.
     0 | D:1      | Reached XP level 1. HP: 16/16 MP: 1/1
   148 | D:1      | Reached XP level 2. HP: 21/22 MP: 2/2
   163 | D:1      | Reached skill level 4 in Dodging
   502 | D:1      | Reached XP level 3. HP: 25/27 MP: 3/3
   992 | D:2      | Found a glowing silver altar of Zin.
  1201 | D:2      | Found a burning altar of Makhleb.
  1201 | D:2      | Found a hazy altar of Hepliaklqana.
  1203 | D:2      | Found a stormy altar of Qazlal.
  1203 | D:2      | Found an opulent altar of Gozag.
  1226 | D:2      | Became a worshipper of Hepliaklqana the Forgotten
  1267 | D:2      | Reached XP level 4. HP: 29/30 MP: 4/4
  1315 | D:2      | Reached skill level 1 in Stealth
  1323 | D:2      | Slain by a gnoll

Levels and vault maps discovered:
D:1:      minmay_arrival_open_corners, layout_basic, minmay_vboxes
D:2:      layout_loops_cross, old_standard_altar,
          chequers_temple_overflow_statue_of_worship, first_ration

Skill      XL: |  1  2  3  4 |
---------------+-------------+-----
Fighting       | 2 |  2.7
Dodging        | 4 |  4.9
Stealth        | 1 |  1.1
Throwing       | |  1.5
Unarmed Combat | |  3.2

Action                   |  1- 3 |  4- 6 || total
-------------------------+-------+-------++-------
Melee: Unarmed           |    44 |       ||    44
       Bite              |    24 |     6 ||    30
       Punch             |     4 |       ||     4
       Dagger            |    99 |    26 ||   125
Throw: Throwing net      |     1 |       ||     1
Invok: Ancestor Identity |     1 |       ||     1
 Stab: Sleeping          |     1 |       ||     1
Armor: Leather armour    |    40 |     6 ||    46
Dodge: Dodged            |   106 |    19 ||   125
